Map: Megaton

Players

labilau - Winner!

  • Race: Protoss Protoss
  • Spawn Location: 11:00

bruno

  • Race: Terran Terran
  • Spawn Location: 5:00

VOD

Have the link to the VOD?

Description

Time

  • Played on: Dec. 7, 2017, 3:54 p.m.
  • Length: 20:01
Show
View Real Time Build Order
Export as new Build Order

labilau Protoss - Winner!

Build Orders:  

Get SALT Encoding   

  12  0:01  Probe  
  13  0:15  Pylon  
  13  0:18  Probe  
  14  0:37  Probe (Chrono Boost), Gateway  
  14  0:41  Assimilator  
  16  0:50  Probe (Chrono Boost)  
  16  0:53  Probe  
  17  1:05  Probe (Chrono Boost)  
  18  1:17  Probe (Chrono Boost)  
  19  1:21  Pylon  
  19  1:43  Probe, Cybernetics Core  
  21  2:08  Probe (Chrono Boost)  
  21  2:12  Zealot  
  21  2:15  Nexus  
  23  2:20  Warp Gate (Chrono Boost)  
  23  2:26  Shield Battery  
  23  2:32  Pylon  
  23  2:37  Stargate  
  23  2:40  Probe  
  24  2:51  Stalker  
  26  3:00  Probe  
  27  3:09  Assimilator  
  28  3:12  Probe  
  28  3:21  Stalker  
  28  3:25  Pylon  
  30  3:29  Probe (Chrono Boost)  
  31  3:40  Probe x2 (Chrono Boost)  
  33  3:43  Probe  
  34  3:48  Assimilator  
  34  3:50  Shield Battery  
  34  3:51  Probe, Stalker  
  34  3:55  Probe  
  38  4:04  Probe  
  38  4:07  Probe  
  40  4:14  Gateway  
  40  4:16  Gateway  
  40  4:18  Gateway  
  43  4:30  Oracle  
  43  4:39  Pylon  
  43  4:40  Stalker  
  43  4:44  Probe (Chrono Boost)  
  47  4:52  Pylon  
  47  4:55  Probe (Chrono Boost)  
  47  4:58  Probe  
  48  5:10  Robotics Facility  
  48  5:17  Forge  
  48  5:31  Forge  
  48  5:33  Stalker  
  50  5:38  Probe (Chrono Boost)  
  50  5:39  Assimilator  
  51  5:49  Probe (Chrono Boost)  
  52  6:37  Observer  
  53  6:40  Stalker  
  53  6:42  Stalker  
  53  6:43  Stalker  
  53  6:44  Stalker  
  61  6:51  Protoss Ground Weapons Level 1 (Chrono Boost)  
  61  6:54  Protoss Ground Armor Level 1 (Chrono Boost)  
  64  7:05  Immortal  
  64  7:07  Oracle  
  68  7:21  Robotics Bay  
  68  7:23  Stalker  
  68  7:24  Stalker  
  68  7:25  Stalker x2  
  76  7:40  Pylon  
  76  7:41  Twilight Council  
  76  8:04  Void Ray  
  80  8:09  Colossus  
  86  8:19  Charge  
  86  8:20  Pylon  
  86  8:29  Pylon  
  86  8:31  Pylon  
  86  8:43  Protoss Ground Weapons Level 2 (Chrono Boost)  
  86  9:13  Extended Thermal Lance  
  83  9:52  Observer  
  84  9:59  Zealot  
  86  10:00  Zealot  
  86  10:01  Zealot x2  
  92  10:10  Dark Shrine  
  92  10:15  Protoss Shields Level 1 (Chrono Boost)  
  92  10:16  Void Ray (Chrono Boost)  
  92  10:27  Zealot  
  92  10:28  Zealot x2  
  100  10:29  Zealot  
  100  10:31  Immortal  
  108  10:39  Pylon  
  108  10:41  Blink  
  108  10:54  Protoss Air Weapons Level 1  
  108  11:03  Zealot  
  110  11:04  Zealot  
  110  11:06  Zealot x2  
  116  11:47  Dark Templar  
  116  12:12  Dark Templar  
  118  12:20  Pylon  
  118  12:23  Pylon  
  118  12:25  Pylon  
  118  12:31  Protoss Ground Weapons Level 3 (Chrono Boost)  
  118  12:32  Protoss Ground Armor Level 2 (Chrono Boost)  
  118  12:38  Probe  
  119  12:50  Probe  
  120  12:54  Dark Templar  
  120  12:55  Dark Templar x2  
  126  13:00  Archon  
  126  13:02  Probe  
  81  13:58  Stalker  
  81  13:59  Stalker x2  
  81  14:00  Stalker  
  81  14:01  Nexus  
  89  14:03  Immortal (Chrono Boost)  
  89  14:07  Void Ray  
  97  14:32  Immortal  
  97  14:33  Dark Templar  
  97  14:35  Dark Templar x3  
  109  14:50  Gateway  
  109  14:51  Gateway  
  109  14:53  Probe (Chrono Boost)  
  110  15:05  Probe (Chrono Boost), Fleet Beacon  
  111  15:07  Probe, Archon x2  
  111  15:08  Archon  
  111  15:10  Dark Templar  
  114  15:16  Dark Templar  
  116  15:22  Probe (Chrono Boost)  
  117  15:32  Pylon  
  117  15:40  Pylon  
  117  15:42  Assimilator  
  117  15:46  Assimilator  
  117  15:48  Probe (Chrono Boost)  
  118  15:52  Zealot x2  
  118  15:53  Zealot x2  
  118  15:55  Void Ray (Chrono Boost)  
  118  15:56  Probe (Chrono Boost)  
  131  16:05  Shield Battery  
  131  16:10  Photon Cannon  
  131  16:17  Shield Battery  
  131  16:37  Stargate  
  131  16:38  Tempest (Chrono Boost)  
  137  16:41  Stalker  
  137  16:42  Stalker x2  
  143  16:48  Colossus  
  149  17:01  Stalker  
  149  17:03  Stalker x2  
  155  17:24  Zealot  
  155  17:25  Zealot  
  155  17:26  Zealot  
  161  17:30  Stalker  
  161  17:31  Stalker  
  165  17:37  Probe (Chrono Boost)  
  165  17:38  Carrier (Chrono Boost)  
  165  17:42  Pylon  
  173  17:48  Probe (Chrono Boost)  
  173  18:00  Immortal  
  173  18:05  Pylon  
Show
View Real Time Build Order
Export as new Build Order

bruno Terran 

Build Orders: MMM Bio 

Get SALT Encoding   

  12  0:02  SCV  
  13  0:20  SCV  
  14  0:22  Supply Depot  
  14  0:32  SCV  
  15  0:44  SCV  
  15  0:46  Barracks  
  16  0:56  SCV  
  17  1:00  Refinery  
  17  1:09  SCV  
  18  1:27  SCV  
  19  1:38  Marine  
  20  1:45  Supply Depot  
  20  1:47  Orbital Command  
  20  1:57  Barracks Reactor  
  20  2:22  SCV  
  21  2:24  Factory  
  21  2:34  SCV  
  22  2:37  Command Center, Marine x2  
  22  2:43  Barracks  
  24  2:51  SCV  
  24  2:55  Marine  
  26  2:58  Marine  
  26  3:04  Supply Depot  
  27  3:12  Factory Reactor  
  27  3:13  Marine  
  27  3:16  Marine  
  29  3:21  Armory  
  29  3:27  SCV  
  29  3:31  Marine  
  29  3:33  Refinery  
  31  3:46  Barracks  
  31  3:47  Barracks Reactor  
  31  3:49  Barracks Tech Lab  
  31  3:52  Marine x2  
  33  4:01  Engineering Bay  
  33  4:06  Orbital Command  
  33  4:10  SCV, Marine x2  
  36  4:21  Widow Mine  
  36  4:22  SCV  
  39  4:30  Engineering Bay  
  39  4:33  Missile Turret  
  39  4:35  SCV  
  40  4:38  SCV  
  41  4:50  SCV  
  41  4:51  SCV  
  43  4:56  Barracks Tech Lab  
  43  4:57  Marauder  
  43  4:59  Stimpack  
  45  5:03  SCV  
  46  5:11  Marine x2  
  48  5:14  Marine  
  48  5:17  SCV  
  48  5:18  Marine  
  51  5:22  SCV  
  52  5:29  SCV  
  52  5:31  Starport  
  52  5:34  SCV  
  54  5:38  Supply Depot  
  54  5:43  Supply Depot  
  54  5:44  Terran Infantry Weapons Level 1  
  54  5:55  Terran Infantry Armor Level 1  
  54  5:59  Marine x2  
  54  6:00  SCV, Marauder x2  
  54  6:03  Refinery  
  59  6:08  Missile Turret  
  59  6:19  SCV  
  59  6:20  Missile Turret  
  59  6:21  Marine x2  
  60  6:31  SCV  
  58  6:35  Factory  
  58  6:39  Marine  
  60  6:42  Marauder  
  60  6:44  SCV  
  62  6:56  Marine  
  63  7:02  Factory Reactor  
  63  7:03  Medivac x2  
  63  7:04  Marauder  
  69  7:09  Marine  
  69  7:12  Supply Depot  
  70  7:29  Refinery  
  70  7:34  SCV x2, Marine x3, Marauder  
  77  7:46  SCV  
  78  7:58  Supply Depot  
  78  8:07  Combat Shields  
  78  8:10  Concussive Shells  
  78  8:13  Command Center  
  78  8:19  SCV, Marine x4  
  83  8:22  Supply Depot  
  83  8:23  Factory Reactor  
  83  8:26  Factory Tech Lab  
  83  8:37  Marine  
  83  8:39  Widow Mine  
  86  8:43  Widow Mine  
  86  8:47  Medivac x2  
  92  8:54  Starport  
  92  8:57  SCV  
  92  8:59  SCV  
  94  9:08  Starport  
  94  9:14  Supply Depot, Terran Infantry Weapons Level 2  
  94  9:15  Terran Infantry Armor Level 2  
  94  9:24  SCV x2, Marine x2  
  94  9:25  Marauder  
  96  9:34  SCV  
  96  9:36  SCV x2  
  99  9:40  Missile Turret  
  99  9:42  Marine  
  100  9:46  SCV, Marauder  
  100  9:48  SCV  
  100  9:49  SCV  
  100  9:51  Siege Tank  
  108  9:55  Starport Tech Lab  
  108  9:57  Supply Depot  
  108  9:58  SCV  
  109  10:01  SCV  
  109  10:03  Missile Turret  
  109  10:07  Marine  
  110  10:08  Marine  
  110  10:11  SCV  
  110  10:13  SCV  
  114  10:22  Refinery  
  114  10:23  SCV  
  114  10:24  Marine  
  114  10:25  Missile Turret  
  114  10:26  Marine  
  117  10:35  SCV  
  118  10:47  SCV, Marine  
  120  10:51  Marine x2  
  122  10:58  Starport Tech Lab  
  122  10:59  SCV  
  122  11:03  Supply Depot  
  123  11:04  Missile Turret  
  123  11:05  Marine  
  123  11:06  Missile Turret  
  123  11:09  Terran Vehicle And Ship Armor Level 1  
  124  11:23  Liberator  
  124  11:25  Marauder  
  126  11:29  Siege Tank  
  129  11:44  Marine  
  133  11:54  Marine  
  133  12:23  Supply Depot  
  133  12:27  Missile Turret  
  133  12:28  Missile Turret  
  133  12:39  Supply Depot  
  133  12:40  Supply Depot  
  133  12:44  Missile Turret, Marine x3  
  133  12:45  Siege Tank, Marauder  
  141  13:02  Marine x3  
  141  13:03  Terran Vehicle Weapons Level 1  
  143  13:06  Marauder  
  145  13:25  Supply Depot  
  143  13:27  Marine x2, Supply Depot  
  143  13:28  Raven, Marine x2  
  143  13:29  Raven  
  89  13:45  Marine  
  89  13:46  Marine x2, Marauder  
  91  14:03  Marine  
  91  14:07  Marine  
  93  14:13  Barracks  
  93  14:14  Barracks  
  93  14:18  SCV  
  93  14:24  Refinery  
  94  14:25  Command Center  
  94  14:30  SCV  
  95  14:33  Siege Tank  
  95  14:35  Marine  
  95  14:36  Marine  
  95  14:37  Marine x2  
  102  14:44  Banshee x2  
  108  14:47  Command Center  
  108  14:48  Cloaking Field  
  108  14:53  Marauder  
  108  14:54  Marine  
  108  14:58  Ghost Academy  
  108  14:59  Marine x2  
  113  15:06  Siege Tank, Hellbat  
  118  15:12  Marine  
  119  15:15  Marauder  
  121  15:27  Banshee  
  124  15:30  Marauder  
  126  15:36  Marauder  
  128  15:45  Barracks Tech Lab  
  128  15:46  Barracks Reactor  
  128  15:48  Refinery  
  128  15:49  Marine x2  
  130  15:52  Marauder  
  130  15:54  Missile Turret  
  132  15:57  Marauder  
  134  16:07  Marine x2  
  136  16:12  Ghost  
  136  16:15  Planetary Fortress  
  136  16:18  Orbital Command  
  138  16:25  Marine x2  
  140  16:28  Terran Infantry Weapons Level 3  
  140  16:31  Terran Vehicle And Ship Armor Level 2, Terran Infantry Armor Level 3  
  140  16:35  Drilling Claws  
  140  16:38  Widow Mine  
  142  16:41  Ghost  
  144  16:49  Marine  
  144  16:50  Marine  
  144  16:54  Marine x4  
  150  17:07  Marine x2  
  152  17:18  Moebius Reactor  
  152  17:25  Marine  
  153  17:33  Marine x5  
  153  17:34  Marine  
  159  17:38  Thor  
  159  17:40  Medivac x2  
  159  17:43  Marine  
  170  17:51  Marine x3  
  172  17:52  Marauder x3  
  179  18:01  Marine  
  180  18:08  Marine  
  180  18:10  Medivac x2  
  185  18:13  Marauder  
  187  18:22  Ghost  
  187  18:24  Marauder  
  187  18:25  Thor  
  154  18:40  Banshee x2  
  154  18:46  Marine x2  
  128  19:07  Thor  
  98  19:27  Marine  
Tags
 
Composition
MMM Bio
Matchup
PvT
Spawn Locations
Cross Positions
Add a new tag
Caveats
  • Supply blocks, unpowered buildings, or Contaminate may cause inaccurate times.
  • Supply counts are checked every 10 seconds.